 Dungeon Crawl Stone Soup version 0.25-a0-458-g6fc7858b95 (webtiles) character file.

Game seed: 7935940263166664723, levelgen mode: deterministic

242 Error4North the Shield-Bearer (level 6, -3/52 HPs)
             Began as a Hill Orc Fighter on Feb 2, 2020.
             Slain by an iron imp (6 damage)
             ... on level 3 of the Dungeon.
             The game lasted 00:06:59 (2175 turns).

Error4North the Shield-Bearer (Hill Orc Fighter)    Turns: 2175, Time: 00:07:00

Health: -3/52      AC:  7    Str: 21    XL:     6   Next: 9%
Magic:  6/6        EV: 13    Int:  8    God:
Gold:   199        SH: 10    Dex: 15    Spells: 5/5 levels left

rFire    . . .     SeeInvis .   a - +0 war axe
rCold    . . .     Gourm    .   c - +0 shield
rNeg     . . .     Faith    .   b - +0 scale mail
rPois    .         Spirit   .   (no helmet)
rElec    .         Reflect  .   (no cloak)
rCorr    .         Harm     .   (no gloves)
MR       .....                  (no boots)
Stlth    +.........             (no amulet)
HPRegen  0.17/turn              (no ring)
MPRegen  0.10/turn              (no ring)

@: agile
A: no striking features
a: no special abilities


You were on level 3 of the Dungeon.
You were hungry.

You visited 1 branch of the dungeon, and saw 4 of its levels.

You collected 199 gold pieces.

Inventory:

Hand Weapons
 a - a +0 war axe (weapon)
Armour
 b - a +0 scale mail (worn)
 c - a +0 shield (worn)
Jewellery
 r - an uncursed amulet of magic regeneration {unknown}
Scrolls
 e - a scroll of fog {unknown}
 g - 5 scrolls of identify {unknown}
 i - 4 scrolls of remove curse {unknown}
 l - 3 scrolls of magic mapping {unknown}
 n - 2 scrolls of fear {unknown}
 o - a scroll of amnesia {unknown}
 p - a scroll of teleportation {unknown}
Potions
 d - 2 potions of might
 h - a potion of invisibility {unknown}
 j - a potion of brilliance {unknown}
 k - a potion of cancellation {unknown}
 s - a potion of degeneration {unknown}
Comestibles
 f - 7 rations
 m - 5 chunks of flesh


   Skills:
 + Level 4.1 Fighting
 + Level 4.6 Axes
 * Level 4.5 Armour
 + Level 0.9 Dodging
 * Level 5.1 Shields


You had 5 spell levels left.
You didn't know any spells.
Your spell library was empty.

Dungeon Overview and Level Annotations

Branches:
Dungeon (4/15)
 Temple: D:4-7

Altars:
Makhleb
Wu Jian


Message History

You barely miss the iron imp. The iron imp hits you.
* * * LOW HITPOINT WARNING * * *
The iron imp hits you.
* * * LOW HITPOINT WARNING * * *
It was a potion of agility.
You feel agile all of a sudden. The iron imp closely misses you.
The iron imp completely misses you.
You are feeling hungry.
You hit the iron imp.
You kill the iron imp!
You have reached level 6!
Your experience leads to an increase in your attributes!
Your base attributes are Str 20, Int 8, Dex 10.
Increase (S)trength, (I)ntelligence, or (D)exterity?
You feel stronger.
You completely miss the iron imp. The iron imp closely misses you.
You hit the iron imp but do no damage.
The iron imp is severely wounded.
The iron imp hits you.
You die...

#########
.....§§@#
......§§5#
..._...≈§§#
.(.....≈≈.#
≈≈.....≈§..#
.≈≈≈.≈≈≈§..#
.§≈≈8≈≈...(#
.
....≈......#
.
......(..(.#
..


You could see an iron imp.

Vanquished Creatures
  A hound (D:4)
  2 iron imps (D:3)
  A worker ant (D:4)
  A howler monkey skeleton (D:4)
  4 adders
  A gnoll (D:1)
  2 oozes
  A dart slug (D:1)
  2 leopard geckos
  An orc (D:4)
  10 bats
  4 giant cockroaches
  4 goblins
  5 hobgoblins
  4 jackals (D:2)
  13 kobolds
  A ball python (D:3)
  10 frilled lizards
  7 rats
74 creatures vanquished.

Notes
Turn   | Place    | Note
-------+----------+-------------------------------------------
     0 | D:1      | Error4North the Hill Orc Fighter began the quest for the
                  | Orb.
     0 | D:1      | Reached XP level 1. HP: 19/19 MP: 1/1
   189 | D:1      | Reached XP level 2. HP: 27/27 MP: 2/2
   428 | D:1      | Reached XP level 3. HP: 31/33 MP: 3/3
   429 | D:1      | Reached skill level 4 in Shields
   648 | D:2      | Found an ornate altar of the Wu Jian Council.
   810 | D:2      | Reached XP level 4. HP: 28/40 MP: 4/4
  1581 | D:4      | Reached XP level 5. HP: 46/46 MP: 5/5
  2154 | D:3      | Found a burning altar of Makhleb.
  2169 | D:3      | Reached skill level 5 in Shields
  2172 | D:3      | HP: 2/46 [iron imp (5)]
  2174 | D:3      | Reached XP level 6. HP: 3/52 MP: 6/6
  2175 | D:3      | Slain by an iron imp

Levels and vault maps discovered:
D:1:      lightli_arrival_flooded_house, layout_basic
D:2:      layout_basic, lemuel_doored_altar, st_stairs_5, kennysheep_nub,
          chequers_serial_rivers_small_b, minivault_11
D:3:      layout_basic, demons_altar, uniq_sigmund
D:4:      layout_cave_pools, lemuel_coloured_pillars_altar, first_ration,
          tgw_trog

Skill      XL: |  1  2  3  4  5 |
---------------+----------------+-----
Shields        | 4 5 |  5.1
Axes           | 3 4 |  4.6
Armour         | 4 |  4.5
Fighting       | 4 |  4.1
Dodging        | |  0.9

Action                   |  1- 3 |  4- 6 || total
-------------------------+-------+-------++-------
Melee: War axe           |   100 |   109 ||   209
  Use: Potion            |       |     1 ||     1
  Eat: Chunk             |       |     4 ||     4
Armor: Scale mail        |    48 |    44 ||    92
Dodge: Dodged            |    27 |    51 ||    78
Block: Shield            |    56 |    71 ||   127

Table legend:
 A = Non-vault XP
 B = Vault XP
 C = Vault XP percentage of total XP
 D = Non-vault monster count
 E = Vault monster count
 F = Vault count percentage of total count
                 A         B        C        D         E       F
            +---------+---------+-------+---------+---------+-------
      Total |     265 |      81 |  23.4 |      71 |       3 |   4.1
            +---------+---------+-------+---------+---------+-------
        D:1 |      59 |       0 |   0.0 |      28 |       0 |   0.0
        D:2 |      45 |       2 |   4.3 |      21 |       1 |   4.5
        D:3 |      35 |      79 |  69.3 |      14 |       2 |  12.5
        D:4 |     126 |       0 |   0.0 |       8 |       0 |   0.0
            +---------+---------+-------+---------+---------+-------
